 Dungeon Crawl Stone Soup version 0.31-a0-978-g1e143483b6 (webtiles) character file.

Game seed: 12193764834011978318

291 sammy202020 the Ruffian (level 6, 32/32 HPs)
             Began as a Vine Stalker Shapeshifter on Oct 30, 2023.
             Quit the game on level 4 of the Dungeon.
             The game lasted 00:03:49 (3020 turns).

sammy202020 the Ruffian (Vine Stalker Shapeshifter) Turns: 3020, Time: 00:03:49

Health: 32/32      AC: 12    Str: 17    XL:     6   Next: 32%
Magic:  9/9        EV:  8    Int: 12    God:
Gold:   201        SH:  0    Dex: 13    Spells: 8/8 levels left

rFire   . .          .
                       - Unarmed
rCold   . . .        (no shield)
rNeg    . . .        e - +4 chain mail
rPois   .            (helmet currently unavailable)
rElec   .            (cloak currently unavailable)
rCorr   .            (gloves currently unavailable)
SInv    .            (boots currently unavailable)
Will    .....        (no amulet) Stlth
                     (no ring)
HPRegen 1.05/turn    (no ring)
MPRegen 0.11/turn

%: guardian spirit
@: beast-form
A: beast (slay +2), fangs 2, regeneration 1, magic shield, antimagic bite, no
potion heal 2, deterioration 1, inability to read after injury 1
a: Begin Untransformation


You were on level 4 of the Dungeon.
You were a hulking beast.
You visited 1 branch of the dungeon, and saw 4 of its levels.

You collected 201 gold pieces.

Inventory:

Armour
 a - a scarf of resistance
 e - a +4 chain mail (worn)
Jewellery
 k - a ring of fire
Talismans
 c - a beast talisman (active)
 d - a flux talisman
Scrolls
 h - 4 scrolls of teleportation
 i - a scroll of identify
 j - a scroll of enchant weapon
 l - a scroll of silence
Potions
 b - 3 potions of lignification
 f - 3 potions of attraction
 m - a potion of heal wounds
 n - a potion of might


   Skills:
 * Level 2.9 Fighting
 * Level 2.2 Armour
 - Level 1.5 Dodging
 * Level 4.3 Unarmed Combat
 + Level 1.5 Spellcasting
 + Level 3.5 Shapeshifting


You had 8 spell levels left.
You didn't know any spells.
Your spell library contained the following spells:

 Spells                   Type           Power      Damage    Failure   Level
 Summon Small Mammal      Summ           0%         N/A       97%         1
 Lesser Beckoning         Tloc           0%         N/A       99%         2
 Call Canine Familiar     Summ           0%         N/A       100%        3
 Gell's Gravitas          Tloc           0%         N/A       100%        3
 Summon Guardian Golem    Hex/Summ       0%         N/A       100%        3
 Teleport Other           Tloc           0%         N/A       100%        3


Dungeon Overview and Level Annotations

Branches:
Dungeon (4/15)
 Temple: D:4-7

Altars:


Innate Abilities, Weirdness & Mutations

You are a hulking beast.
Your limbs bulge with bestial killing power. (Slay +2)
You have extremely sharp teeth.
Your natural rate of healing is unusually fast.
When hurt, damage is shared between your health and your magic reserves.
Your bite disrupts and absorbs the magic of your enemies.
Potions cannot restore your health.
Your body sometimes deteriorates upon taking damage.
You occasionally lose the ability to read scrolls when taking damage.


Message History

Found a stone staircase leading down.
Found 4 stones.
No target in view!
No target in view!
No target in view!
Items here: ))) [[ ††.
There is a stone staircase leading down here.
An adder comes into view.
The adder hisses angrily.
An adder is nearby!
An adder is nearby!
You hit the adder. Your bite misses the adder.
The adder is moderately wounded.
The adder barely misses you.
You closely miss the adder.
The adder is moderately wounded.
The adder closely misses you.
You hit the adder. Your bite misses the adder.
The adder is heavily wounded.
The adder bites you but does no damage. The adder barely misses you.
You hit the adder.
You kill the adder!
No target in view!
No target in view!
No target in view!
No target in view!
Done exploring.
Done exploring.
Done exploring.
No target in view!
Blink to where?
Press: ? - help, Dir - move target
As you read the scroll labelled UDWASTR VAPSUSH, it crumbles to dust.
It was a scroll of blinking.
As you read the scroll of identify, it crumbles to dust.
g - a potion of mutation You feel extremely strange.
You occasionally lose the ability to read scrolls when taking damage.
You feel yourself wasting away.
Are you sure you want to abandon this character and quit the game? (Confirm with "yes".)

#..................######.
###..#.#.###.....†....###...
#....#.### ##...............
##......######.........###...
##.........##.........### #...
#.......................####..
#................##..#..##....
##...............##.#...#....#
#.....##..##.h...##.#......###
#.....##..##..#............###
##..####..##.....#...#.......#
#### ##.....##.#...##.......
#....###.....#####>†... ##...#
##..#.# ###..... ##### ######
#....... ###..... ##....


There were no monsters in sight!

Vanquished Creatures
  An iguana (D:4)
  2 orc wizards (D:4)
  4 gnolls (D:2)
  10 adders
  2 worms
  2 dart slugs
  9 orcs
  4 ball pythons
  3 bats
  2 endoplasms (D:1)
  2 giant cockroaches
  7 goblins
  8 hobgoblins
  4 jackals (D:1)
  5 kobolds
  3 quokkas
  3 frilled lizards
  3 rats (D:2)
74 creatures vanquished.

Notes
Turn   | Place    | Note
-------+----------+-------------------------------------------
     0 | D:1      | sammy202020 the Vine Stalker Shapeshifter began the quest
                  | for the Orb.
     0 | D:1      | Reached XP level 1. HP: 9/9 MP: 2/2
   112 | D:1      | Reached skill level 1 in Fighting
   126 | D:1      | Reached XP level 2. HP: 14/14 MP: 3/3
   739 | D:1      | Reached XP level 3. HP: 18/18 MP: 4/4
  1071 | D:2      | Reached skill level 1 in Armour
  1232 | D:2      | Reached XP level 4. HP: 20/23 MP: 5/5
  1490 | D:2      | Found a faded altar of an unknown god.
  1638 | D:3      | Reached skill level 1 in Spellcasting
  1638 | D:3      | Reached XP level 5. HP: 20/26 MP: 7/7
  2457 | D:4      | Reached skill level 4 in Unarmed Combat
  2762 | D:4      | Reached XP level 6. HP: 31/32 MP: 7/9
  3019 | D:4      | Gained mutation: You occasionally lose the ability to read
                  | scrolls when taking damage. [potion of mutation]
  3019 | D:4      | Gained mutation: Your body sometimes deteriorates upon
                  | taking damage. [potion of mutation]
  3020 | D:4      | Quit the game

Illustrated notes

Levels and vault maps discovered:
D:1:      lightli_arrival_isolated_outpost, layout_basic, minmay_misc_feat_tiny
D:2:      layout_basic, shapermc_ecumenical_altar_petra, minivault_4,
          kennysheep_crisscross, kennysheep_pointless_box
D:3:      layout_loops_cross, kennysheep_decorative_pillar, serial_bayou_ford_a,
          minmay_close_crescents
D:4:      layout_cave_pools, nicolae_twisty_statue_hallways

Skill      XL: |  1  2  3  4  5 |
---------------+----------------+-----
Fighting       | 1 2 |  2.9
Armour         | 1 2 |  2.2
Spellcasting   | 1 |  1.5
Unarmed Combat | 4 |  4.3
Dodging        | |  1.5
Shapeshifting  | |  3.5

Action                     |  1- 3 |  4- 6 || total
---------------------------+-------+-------++-------
  Melee: Unarmed           |    77 |   133 ||   210
         Bite              |    19 |    39 ||    58
         Punch             |       |     5 ||     5
    Use: Scroll            |     1 |    11 ||    12
         Potion            |       |     1 ||     1
 Armour: Chain mail        |    75 |   106 ||   181
         Animal skin       |     2 |       ||     2
  Dodge: Dodged            |    32 |    54 ||    86
   Form: Beast             |     1 |       ||     1

Table legend: (Time is in decaauts)
 A = Elapsed time spent in this place.
 B = Non-inter-level travel time spent in this place.
 C = Inter-level travel time spent in this place.
 D = Time resting spent in this place.
 E = Time spent auto-exploring this place.
 F = Levels seen in this place.
 G = Mean time per level.
                   A        B        C        D        E       F      G
               +--------+--------+--------+--------+--------+-----+--------+
         Total |   3016 |   2987 |     29 |    312 |   2126 |   4 |  754.0 |
       Dungeon |   3016 |   2987 |     29 |    312 |   2126 |   4 |  754.0 |
               +--------+--------+--------+--------+--------+-----+--------+

Top non-repeatable levels by time:
     D:1: 906 daAuts
     D:4: 763 daAuts
     D:3: 719 daAuts
     D:2: 626 daAuts
